[Event "MČR družstev mladších žáků 2024"]
[Site "Harrachov, Czech Republic"]
[Date "2024.06.15"]
[Round "7.8"]
[White "Walder Hugo"]
[Black "Lutskiy Mikhail"]
[Result "1/2-1/2"]
[TimeControl "25+10"]
[WhiteFideId "23743360"]
[BlackFideId "23744308"]
[WhiteElo "1489"]
[BlackElo "1446"]

1. e4 c5 2. Nf3 g6 3. d4 cxd4 4. Nxd4 Bg7 5. Be3 Nc6 6. c3 Nf6 7. f3 O-O 8. Bc4 d6 9. Bb3 a6 10.
h4 Ne5 11. Qd2 a5 12. a3 a4 13. Ba2 Bd7 14. h5 b5 15. hxg6 Nxg6 16. Bh6 e6 17. Bxg7 Kxg7 18. Qh6+ Kg8 19.
g4 Re8 20. g5 Rc8 21. gxf6 Qxf6 22. Qxh7+ Kf8 23. Nd2 Ke7 24. Qh2 Rh8 25. Qg2 Nf4 26. Qf1 Nd3+ 27. Ke2 Nxb2 28. Rb1 Rxc3 29.
Rxh8 Qxh8 30. Qf2 Nd3 31. Qg1 Nf4+ 32. Kd1 Nh3 33. Qg3 Qxd4 34. Qxh3 Qg1+ 35. Qf1 Qxf1+ 36. Nxf1 Rxa3 37. Rb2 Rxf3 38.
Nd2 Re3 39. Bb1 Bc6 40. Rb4 Kd7 41. Nf1 Ra3 42. Kc1 Rf3 43. Nd2 Rf4 44. Bd3 d5 45. Bxb5 Bxb5 46. Rxb5 dxe4 47. Rb4 f5 48.
Rxa4 e5 49. Kd1 Rg4 50. Ke2 Rg2+ 51. Ke3 f4+ 52. Kxe4 Rxd2 53. Kxe5 f3 54. Rf4 f2 55. Ke4 Re2+ 56. Kd3 Ra2 57.
Ke3 1/2-1/2



[ePGN "0.1;DGT LiveChess/2.2.6"]

[Event "MČR družstev mladších žáků 2024"]
[Site "Harrachov, Czech Republic"]
[Date "2024.06.15"]
[Round "7.9"]
[White "Cerny Ren"]
[Black "Bucek Vit"]
[Result "0-1"]
[TimeControl "25+10"]
[WhiteFideId "23754559"]
[BlackFideId "23750812"]
[WhiteElo "1317"]
[BlackElo "1582"]

1. e4 c5 2. c3 d5 3. exd5 Qxd5 4. d4 Nc6 5. Nf3 Bg4 6. Be2 e6 7. O-O Nf6 8. Be3 cxd4 9. cxd4 Be7 10. Nc3 Qd8 11. Rc1 O-O 12. Qb3 Bxf3 13.
Bxf3 Nxd4 14. Bxd4 Qxd4 15. Qxb7 Qd8 16. Rfd1 Bd6 17. Qa6 Rb8 18. Qxd6 Qa5 19. Qa3 Qb6 20. b3 Rfc8 21. Ne4 Nxe4 22.
Bxe4 h6 23. Rxc8+ Rxc8 24. Qb2 a5 25. Qd4 Qxd4 0-1



[ePGN "0.1;DGT LiveChess/2.2.6"]

[Event "MČR družstev mladších žáků 2024"]
[Site "Harrachov, Czech Republic"]
[Date "2024.06.16"]
[Round "8.1"]
[White "Vanek Martin"]
[Black "Zrust Lukas"]
[Result "1/2-1/2"]
[TimeControl "25+10"]
[WhiteFideId "23769238"]
[BlackFideId "23736666"]
[WhiteElo "1580"]
[BlackElo "1742"]

1. d4 Nf6 2. c4 g6 3. Nc3 d5 4. cxd5 Nxd5 5. e4 Nxc3 6. bxc3 Bg7 7. Bc4 O-O 8. Ne2 c5 9. O-O Nc6 10.
Be3 cxd4 11. Nxd4 Qc7 12. Bb3 Rd8 13. Qf3 e6 14. Rfd1 Bd7 15. Nb5 Ne5 16. Nxc7 Nxf3+ 17. gxf3 Rac8 18.
Nxe6 Bxe6 19. Bxe6 fxe6 20. Bxa7 Bxc3 21. Rxd8+ Rxd8 22. Rb1 Rd7 23. Be3 Kf7 24. Kg2 Kf6 25. Rb5 Rc7 26. a4 Rd7 27.
a5 Rc7 28. h4 Kg7 29. f4 Bf6 30. Kg3 Rd7 31. e5 Be7 32. Rb6 Kf7 33. Rb5 h5 34. Bc5 Rd5 35. Rxb7 Rxc5 36. a6 Rc3+ 37.
Kg2 Ra3 38. a7 Ra4 39. Kg3 Ra3+ 1/2-1/2



[ePGN "0.1;DGT LiveChess/2.2.6"]

[Event "MČR družstev mladších žáků 2024"]
[Site "Harrachov, Czech Republic"]
[Date "2024.06.16"]
[Round "8.10"]
[White "Sevcikova Terezie"]
[Black "Kozusnik Jan"]
[Result "0-1"]
[TimeControl "25+10"]
[WhiteFideId "23766425"]
[BlackFideId "23731796"]
[WhiteElo "1447"]
[BlackElo "1345"]

1. d4 d5 2. Bf4 Nf6 3. e3 Bf5 4. c3 e6 5. Nf3 Bd6 6. Bg3 Nc6 7. Bd3 Bxd3 8. Qxd3 Ne4 9. Nbd2 Nxg3 10.
hxg3 h6 11. O-O-O Qb8 12. g4 b5 13. g5 h5 14. g4 b4 15. Rxh5 Rxh5 16. gxh5 bxc3 17. Qxc3 Nb4 18. Qb3 a5 19.
a4 Qb6 20. Rh1 c5 21. h6 c4 22. Qd1 Nd3+ 0-1



[ePGN "0.1;DGT LiveChess/2.2.6"]

[Event "MČR družstev mladších žáků 2024"]
[Site "Harrachov, Czech Republic"]
[Date "2024.06.16"]
[Round "8.11"]
[White "Lackova Lucie"]
[Black "Kobersky Matyas"]
[Result "0-1"]
[TimeControl "25+10"]
[WhiteFideId "23731800"]
[BlackFideId "23747501"]
[WhiteElo "1601"]
[BlackElo "1206"]

1. e4 c5 2. Nf3 d6 3. d4 cxd4 4. Nxd4 Nf6 5. Nc3 a6 6. Be2 e6 7. O-O Be7 8. Be3 b5 9. a3 Bb7 10.
f3 Nbd7 11. Nb3 Nb6 12. Na5 Qc7 13. Nxb7 Qxb7 14. Kh1 O-O 15. Bf2 Rad8 16. Bd3 Qc7 17. Bxb6 Qxb6 18. a4 b4 19. Na2 a5 20.
Nc1 d5 21. exd5 Nxd5 22. Re1 Nf4 23. Re4 Nxd3 24. Nxd3 Rd4 25. Rxd4 Qxd4 26. Qe2 Qh4 27. Qe5 Ra8 28. Qc7 h6 29.
Rd1 Bg5 30. Qb7 Rd8 31. Qb6 Bf4 32. Qg1 Bg3 33. h3 Qc4 34. Rc1 b3 35. Ne1 Bxe1 36. Qxe1 bxc2 37. Kh2 Qf4+ 38. Kh1 Qxc1 39.
Qxc1 Rd1+ 40. Qxd1 cxd1=Q+ 41. Kh2 Qxa4 42. Kg3 e5 43. b3 Qxb3 44. Kg4 a4 45. h4 a3 46. g3 a2 47. f4 exf4 48. Kxf4 a1=Q 49. Kg4 Qd4+ 50. Kf5 Qe6# 0-1



[ePGN "0.1;DGT LiveChess/2.2.6"]

[Event "MČR družstev mladších žáků 2024"]
[Site "Harrachov, Czech Republic"]
[Date "2024.06.16"]
[Round "8.13"]
[White "Velim Vojtech"]
[Black "Frantsev Iegor"]
[Result "1-0"]
[TimeControl "25+10"]
[WhiteFideId "23749407"]
[BlackFideId "23736305"]
[WhiteElo "1814"]
[BlackElo "1413"]

1. d4 d5 2. c4 c6 3. Nc3 Nf6 4. Nf3 a6 5. cxd5 cxd5 6. Bf4 Nc6 7. e3 Bg4 8. h3 Bxf3 9. Qxf3 e6 10. Be2 Bd6 11.
Bg5 h6 12. Bxf6 Qxf6 13. Qxf6 gxf6 14. Rc1 Ke7 15. Bd3 f5 16. g3 Rac8 17. Ke2 Nb4 18. Bb1 b5 19. a4 Rb8 20. axb5 axb5 21.
Bd3 Nxd3 22. Kxd3 Rhc8 23. b3 Rc7 24. Ne2 Ra7 25. Ra1 Rba8 26. Rxa7+ Rxa7 27. Nc3 Ra3 28. Rb1 b4 29. Na4 Ra2 30.
Rb2 Rxb2 31. Nxb2 Kf6 32. Ke2 Kg5 33. Nd3 h5 34. Ne1 Kg6 35. Nf3 Kf6 36. Kd3 Kg6 37. Nh4+ Kf6 38. Nf3 Kg6 39.
Ke2 Kf6 40. Ne1 Kg5 41. Nd3 h4 42. f4+ Kh5 43. Kf3 hxg3 44. Kxg3 f6 45. Nc5 e5 46. Nd7 exf4+ 47. exf4 Kg6 48.
Nb6 Kf7 49. Nxd5 Ke6 50. Ne3 Bc7 51.
Kf3 Bb6 52. Nc2 Ba5 53. Ke3 Kf7 54.
Kd3 Ke6 55. Kc4 Bb6 56. Nxb4 Bc7 57. Nd3 Kd6 58. b4 Bb6 59. Nc5 Bxc5 60. bxc5+ 1-0



[ePGN "0.1;DGT LiveChess/2.2.6"]

[Event "MČR družstev mladších žáků 2024"]
[Site "Harrachov, Czech Republic"]
[Date "2024.06.16"]
[Round "8.14"]
[White "Mauric Jan"]
[Black "Kala Jakub"]
[Result "0-1"]
[TimeControl "25+10"]
[WhiteFideId "23744200"]
[BlackFideId "23753897"]
[WhiteElo "1306"]
[BlackElo "1657"]

1. d4 d5 2. Bf4 Bf5 3. Nf3 Nf6 4.
e3 e6 5.
a3 Bd6 6. Bg3 O-O 7. c4 c5 8. Bxd6 Qxd6 9. dxc5 Qxc5 10. b4 Qc7 11. c5 Rd8 12. Be2 Nbd7 13. O-O Ne5 14. Nxe5 Qxe5 15.
Qd4 Qc7 16. Nc3 e5 17. Qh4 a6 18. Rfd1 Rd7 19. f3 Rad8 20. e4 dxe4 21. fxe4 Rd4 22. Bf3 Qd7 23. Qe1 Nxe4 24. Bxe4 Bxe4 25.
Rxd4 Qxd4+ 26. Kh1 Bc2 27. h3 h6 28. Ne2 Qd3 29. Ng1 e4 30. Rc1 Ba4 31. Rc3 Qd5 32. Re3 Bc6 33. Ne2 Qg5 34.
Ng3 Rd3 35. Rxd3 exd3 36. Qf2 d2 0-1



[ePGN "0.1;DGT LiveChess/2.2.6"]

[Event "MČR družstev mladších žáků 2024"]
[Site "Harrachov, Czech Republic"]
[Date "2024.06.16"]
[Round "8.15"]
[White "Levchenko Alisa"]
[Black "Hujova Tess"]
[Result "0-1"]
[TimeControl "25+10"]
[WhiteFideId "23760311"]
[BlackFideId "23744936"]
[WhiteElo "1302"]
[BlackElo "1311"]

1. d4 e6 2. e4 b6 3. Nf3 Bb7 4. Bd3 Nf6 5. Qe2 Be7 6. O-O h6 7. c3 O-O 8. e5 Nh7 9. Nbd2 Ng5 10.
Nxg5 Bxg5 11. Ne4 Bxc1 12. Raxc1 Nc6 13. Qg4 Kh8 14. f4 Ne7 15. Qh5 Ng6 16. Ng5 Nxf4 17. Rxf4 Qxg5 18. Qxg5 hxg5 19.
Rg4 f6 20. exf6 gxf6 21. Rf1 Kg7 22. h4 Kh6 23. hxg5+ fxg5 24. Be4 Bxe4 25. Rxe4 Rxf1+ 26. Kxf1 Rf8+ 27. Ke2 Rf4 28. Ke3 Rf1 29.
Kd2 Rg1 30. Re2 Kh5 31. Ke3 Rf1 32. Rf2 Rxf2 33. Kxf2 Kg4 34. g3 d6 0-1



[ePGN "0.1;DGT LiveChess/2.2.6"]

[Event "MČR družstev mladších žáků 2024"]
[Site "Harrachov, Czech Republic"]
[Date "2024.06.16"]
[Round "8.16"]
[White "Jenikova Sabina"]
[Black "Zavrel Daniel"]
[Result "1-0"]
[TimeControl "25+10"]
[WhiteFideId "23759860"]
[BlackFideId "23753951"]
[WhiteElo "1114"]
[BlackElo "1106"]

1. d4 d5 2. Bf4 Bf5 3. Nf3 Nc6 4. e3 a6 5. Bd3 Bg6 6. c3 Nf6 7. O-O e6 8. Qc2 Bd6 9. Bg3 Qd7 10.
Nbd2 O-O-O 11. Rfe1 Rhe8 12. e4 dxe4 13. Nxe4 Nxe4 14. Bxe4 Bxg3 15. fxg3 f5 16. Bxc6 Qxc6 17. Ne5 Qd6 18.
Qd2 Kb8 19. Qg5 Qb6 20. Re2 Qb5 21. Rae1 Qa4 22. Nxg6 hxg6 23. Rxe6 Rxe6 24. Qxd8+ Ka7 25. Rxe6 Qxa2 26. Re2 Qb1+ 27.
Kf2 Qd3 28. Qxc7 Qb5 29. Qc5+ Qxc5 30. dxc5 a5 31. Re7 Ka6 32. Rxg7 Kb5 33. Rxb7+ Kxc5 34. Ke3 Kd5 35. Rb5+ Ke6 36. Rxa5 Kf6 37. Kf4 g5+ 38.
Ke3 g4 39. Kf4 Ke6 40. Rxf5 Kd6 41. Ke4 Kc6 42. Kd4 Kb6 43. Kc4 Ka6 44. Kb4 Kb6 45. Rf6+ Kc7 46. Kb5 Kd7 47. Kc5 Ke7 48. Ra6 1-0



[ePGN "0.1;DGT LiveChess/2.2.6"]

[Event "MČR družstev mladších žáků 2024"]
[Site "Harrachov, Czech Republic"]
[Date "2024.06.16"]
[Round "8.19"]
[White "Lickova Anna"]
[Black "Fadrny Jachym"]
[Result "1/2-1/2"]
[TimeControl "25+10"]
[WhiteFideId "23744359"]
[BlackFideId "23744170"]
[WhiteElo "1377"]
[BlackElo "1537"]

1. e4 e6 2. d4 d5 3. Bd3 Ne7 4. Nc3 Nbc6 5. Nf3 Ng6 6. Bb5 Bb4 7. Ne5 Ngxe5 8. dxe5 O-O 9. O-O Bxc3 10.
bxc3 Nxe5 11. Ba3 a6 12. Bxf8 Qxf8 13. Bd3 Bd7 14. exd5 Nxd3 15. cxd3 exd5 16. Qb3 Bc6 17. Rfe1 Qd6 18.
Qb4 Qg6 19. d4 h6 20. Qe7 Rc8 21. Qe5 Qc2 22. Rec1 Qb2 23. Qe1 Re8 24. Qf1 Bb5 25. Qd1 Re2 26. Qb3 Qd2 27. Rf1 Qg5 28.
Rae1 Rd2 29. c4 dxc4 30. Qe3 c3 31. h4 Qxe3 32. Rxe3 Bxf1 33. Rxc3 Bb5 34. Rxc7 Rxd4 35. Rxb7 Rxh4 36.
Rb8+ Kh7 37. Ra8 Ra4 38. Ra7 Kg6 39. Kh2 Rxa2 40. f4 Bf1 41. f5+ Kf6 42. Kg1 Bxg2 43. Rd7 Bh3 44. Rd6+ Ke7 45.
Rd5 a5 46. Rd3 Bxf5 47. Re3+ Kf6 48. Kf1 a4 49. Ke1 a3 50. Kd1 Ra1+ 51. Kd2 a2 52. Ra3 Rh1 53. Ke3 a1=Q 54. Rxa1 Rxa1 55.
Kf4 g5+ 56. Kf3 g4+ 57. Kf4 Ra3 1/2-1/2



[ePGN "0.1;DGT LiveChess/2.2.6"]

[Event "MČR družstev mladších žáků 2024"]
[Site "Harrachov, Czech Republic"]
[Date "2024.06.16"]
[Round "8.2"]
[White "Artamonov Mikhail"]
[Black "Bilek Filip"]
[Result "1-0"]
[TimeControl "25+10"]
[WhiteFideId "23732946"]
[BlackFideId "23763493"]
[WhiteElo "1515"]
[BlackElo "1249"]

1. d4 Nf6 2. Nf3 e6 3. Bf4 d5 4. e3 Nbd7 5. Bd3 c5 6. c3 Qb6 7. Qc2 c4 8. Be2 Be7 9. Nbd2 O-O 10.
b3 cxb3 11. axb3 Qc6 12. O-O b5 13. Rfc1 Bb7 14. Bf1 Rfc8 15. Qa2 a5 16. c4 bxc4 17. bxc4 Bb4 18. c5 Ba6 19. Bxa6 Qxa6 20.
Qb3 Ra7 21. Qa4 Qc6 22. Qxc6 Rxc6 23. Rcb1 Bc3 24. Ra3 Bxd2 25. Nxd2 Ra8 26. Rba1 Rca6 27. Ra4 Nb8 28. Bxb8 Rxb8 29.
Rxa5 Rxa5 30. Rxa5 h6 31. Ra1 Rb2 32. Nf3 Ne4 33. Rc1 Rb8 34. Ne5 Nd2 35. c6 Rc8 36. Rc2 f6 37. Nd7 Nc4 38.
c7 Rxc7 39. Nc5 Kf7 40. g3 g5 41.
Kg2 f5 42. h3 h5 43. Ra2 Rc6 44. Ra7+ Kf6 45. Rh7 Kg6 46. Re7 Kf6 47. Ra7 Nd2 48. Nd7+ Kg6 49. Ne5+ Kf6 50. Rf7# 1-0



[ePGN "0.1;DGT LiveChess/2.2.6"]

[Event "MČR družstev mladších žáků 2024"]
[Site "Harrachov, Czech Republic"]
[Date "2024.06.16"]
[Round "8.20"]
[White "Trejbal Jindrich"]
[Black "Havlik David"]
[Result "1-0"]
[TimeControl "25+10"]
[WhiteFideId "23743948"]
[BlackFideId "23751525"]
[WhiteElo "1401"]
[BlackElo "1348"]

1. e4 e5 2. Nf3 Nf6 3. d4 Nxe4 4. Nxe5 d6 5. Nf3 d5 6. Bd3 Bg4 7. h3 Bf5 8.
O-O Be7 9. Bf4 O-O 10. Nc3 Nxc3 11. bxc3 Be6 12. Rb1 b6 13. Re1 h6 14. Ne5 Bd6 15. Qh5 Qe7 16. Bxh6 gxh6 17. Qxh6 f6 18.
Ng6 Qg7 19. Qxg7+ Kxg7 20. Nxf8 Bxh3 21.
gxh3 Kxf8 22. Re6 Kf7 23. Rbe1 Nc6 24. R6e3 Rg8+ 25. Kf1 Bf4 26. Re6 Bd6 27. Bb5 Nd8 28. Re8 Rxe8 29. Rxe8 Ne6 30.
Bd7 Nf8 31. Bc6 Ne6 32. Ra8 Nf4 33. Rxa7 Ke6 34. h4 Kf5 35. f3 Ke6 36. Ra8 f5 37. Rh8 Ng6 38. Rh6 Kf7 39. Be8+ Kxe8 40.
Rxg6 Kf7 41. Rg2 Be7 42. h5 Bf8 43. Ke2 Bh6 44. Kd3 c5 45. dxc5 bxc5 46. a4 Bf4 47. a5 Be5 48. h6 c4+ 49.
Ke2 Bxc3 50. h7 d4 51. Rg8 f4 52. h8=Q d3+ 53. cxd3 cxd3+ 54. Kxd3 Ke6 55. Kxc3 Kd5 56. Rg5+ Ke6 57.
Qh6+ 1-0



[ePGN "0.1;DGT LiveChess/2.2.6"]

[Event "MČR družstev mladších žáků 2024"]
[Site "Harrachov, Czech Republic"]
[Date "2024.06.16"]
[Round "8.21"]
[White "Filip Damian"]
[Black "Vorlik Jachym"]
[Result "1-0"]
[TimeControl "25+10"]
[WhiteFideId "23755415"]
[BlackFideId "23750901"]
[WhiteElo "1196"]
[BlackElo "1388"]

1. e4 e6 2. d4 d5 3. Nd2 dxe4 4.
Nxe4 Be7 5. Nf3 Nf6 6. Nxf6+ Bxf6 7. Be3 O-O 8. Bc4 b6 9. O-O Bb7 10. c3 Nd7 11. Re1 Re8 12. Qe2 e5 13.
dxe5 Nxe5 14. Nxe5 Bxe5 15. Rad1 Qh4 16. g3 Qe4 17. f3 Qg6 18. Kg2 c5 19. Bf4 Qf6 20. Bd5 Bxd5 21. Rxd5 Bd6 22.
Qxe8+ Rxe8 23. Rxe8+ Bf8 24. Rdd8 h6 25. Rxf8+ Kh7 26.
Rh8+ Kg6 27. Rd6 Qxd6 28. Bxd6 f5 29. Rf8 Kh7 30. Kh3 g5 31. g4 f4 32. Kg2 c4 33. Kf2 b5 34. Ke2 a5 35.
Rb8 b4 36. cxb4 axb4 37. Rxb4 c3 38. bxc3 h5 39. Rb7+ Kg6 40. gxh5+ Kxh5 41. a4 g4 42. Bxf4 g3 43. Bxg3 Kg5 44.
h4+ Kh5 45. Rb5+ Kh6 46. Bf4+ Kg6 47. h5+ Kh7 48. Rb6 Kg7 49. Be5+ Kh7 50. a5 Kg8 51. Bh8 Kh7 52. a6 Kxh8 53.
Rb7 Kg8 54. a7 Kf8 55. a8=R# 1-0



[ePGN "0.1;DGT LiveChess/2.2.6"]

[Event "MČR družstev mladších žáků 2024"]
[Site "Harrachov, Czech Republic"]
[Date "2024.06.16"]
[Round "8.22"]
[White "Bartak Tobias"]
[Black "Pokorny Petr"]
[Result "1-0"]
[TimeControl "25+10"]
[WhiteFideId "23753544"]
[WhiteElo "1260"]
[BlackElo "1040"]

1. e4 c6 2. d4 d5 3. exd5 cxd5 4. Nf3 Nc6 5. Bb5 Bf5 6. O-O e6 7. c3 a6 8. Bxc6+ bxc6 9. Bf4 Bd6 10.
Bxd6 Qxd6 11. Nbd2 Ne7 12. Re1 O-O 13. Nb3 a5 14. Nc5 Rfb8 15. b3 Ng6 16. Nd2 Re8 17. Nf1 e5 18. Ne3 Bd7 19.
Qc2 exd4 20. cxd4 Nf8 21. Rac1 Rac8 22. Qc3 Ne6 23. Qxa5 Nxd4 24. Nxd7 Qxd7 25. Qc3 Nb5 26. Qb2 d4 27. Nc4 Rb8 28. Ne5 Qd5 29. Nf3 c5 30.
Rxe8+ Rxe8 31. h3 d3 32. Rd1 Re2 33. Qb1 d2 34. Qc2 Qxf3 35. gxf3 Re1+ 36. Kg2 Nd4 37. Qxd2 1-0



[ePGN "0.1;DGT LiveChess/2.2.6"]

[Event "MČR družstev mladších žáků 2024"]
[Site "Harrachov, Czech Republic"]
[Date "2024.06.16"]
[Round "8.23"]
[White "Lang Christian"]
[Black "Vratny Vojtech"]
[Result "0-1"]
[TimeControl "25+10"]
[WhiteFideId "23771771"]
[BlackFideId "23753692"]
[WhiteElo "1242"]
[BlackElo "1208"]

1. e4 c6 2. d4 d5 3. Nd2 dxe4 4. Nxe4 Nf6 5. Nxf6+ exf6 6. Bc4 Bd6 7. Nf3 O-O 8. O-O Nd7 9. Be3 Re8 10. Re1 Nf8 11. c3 Bg4 12.
h3 Bh5 13. Qb3 b5 14. Be2 Bc7 15. Nh4 Bxe2 16. Rxe2 Qd6 17. Nf3 Ng6 18. Ree1 a5 19. Kf1 a4 20. Qc2 Ne7 21. Rad1 Nd5 22.
Rd3 Rab8 23. Red1 Nxe3+ 24. Rxe3 Rxe3 25. fxe3 Re8 26. Qf2 Qe6 27. Re1 Qxa2 28. e4 Qc4+ 29. Kg1 b4 30. cxb4 Qxb4 31. e5 fxe5 32. Nxe5 Bxe5 33.
Rxe5 Rxe5 34. dxe5 a3 35.
bxa3 Qxa3 36. Qf5 g6 37. Qc8+ Kg7 38. Qxc6 Qa1+ 39. Kh2 Qxe5+ 40. Kg1 Kh6 41. Qc1+ Qg5 42. Qd1 f5 43. Qd6 f4 44.
Qf8+ Kh5 45. Qa3 Qg3 46. Qa5+ g5 47. Kh1 f3 48. Qa2 fxg2+ 49. Qxg2 Qxg2+ 50. Kxg2 Kg6 51. Kf3 Kh5 52. Kg2 Kg6 53. Kf3 Kf5 54. Kg3 h5 55.
Kf3 Ke5 56. Kg3 Ke4 57. Kg2 h4 58. Kf2 Kf4 59. Kg2 Ke3 60. Kg1 Kf3 61. Kh2 Kf2 62. Kh1 Kg3 63. Kg1 Kxh3 64. Kh1 Kg3 65.
Kg1 g4 66. Kh1 Kf2 67. Kh2 g3 68. Kh3 g2 69. Kxh4 g1=R 70. Kh3 Rg8 71. Kh4 Kf3 72. Kh5 Kf4 73. Kh6 Kf5 74. Kh7 Rg1 75. Kh6 Rg2 76. Kh7 Kf6 77.
Kh8 Kf7 78. Kh7 Rh2 0-1



[ePGN "0.1;DGT LiveChess/2.2.6"]

[Event "MČR družstev mladších žáků 2024"]
[Site "Harrachov, Czech Republic"]
[Date "2024.06.16"]
[Round "8.25"]
[White "Padivy Jan"]
[Black "Honcharov Makar"]
[Result "0-1"]
[TimeControl "25+10"]
[WhiteFideId "23752904"]
[BlackFideId "23746203"]
[WhiteElo "1500"]
[BlackElo "1806"]

1. d4 Nf6 2. c4 g6 3. Nc3 Bg7 4.
Nf3 d6 5. Bg5 h6 6. Bh4 g5 7.
Bg3 Nh5 8. e3 c5 9. Rc1 Nxg3 10.
fxg3 g4 11. Ng1 cxd4 12. exd4 Nc6 13. Nge2 Bf5 14. a3 e5 15. dxe5 O-O 16. Nd4 Nxd4 17. Qxd4 Re8 18. Be2 Rxe5 19.
Qf2 Bf6 20. O-O Bg5 21. Kh1 Bxc1 22. Rxc1 Qb6 23. Qxb6 axb6 24. Rd1 Rae8 25. Kg1 Rxe2 26. Nxe2 Rxe2 27. Rxd6 Rxb2 28. Rd5 Be4 29. Rd4 f5 30. Rd8+ Kf7 31. Rd7+ Ke6 32. Rh7 Rxg2+ 33. Kf1 Rxh2 0-1



[ePGN "0.1;DGT LiveChess/2.2.6"]

[Event "MČR družstev mladších žáků 2024"]
[Site "Harrachov, Czech Republic"]
[Date "2024.06.16"]
[Round "8.26"]
[White "Tykalova Barbora"]
[Black "Koupil Stepan"]
[Result "0-1"]
[TimeControl "25+10"]
[WhiteFideId "23750898"]
[BlackFideId "23742119"]
[WhiteElo "1284"]
[BlackElo "1423"]

1. e4 e5 2. Nf3 Nc6 3. Bc4 Bc5 4.
O-O Nf6 5. d3 d6 6. c3 O-O 7. b4 Bb6 8. a4 a6 9.
a5 Ba7 10. Re1 Be6 11. Qb3 Qd7 12. Be3 Rfe8 13. Bxa7 Nxa7 14. Nbd2 Nc6 15. Ng5 Bxc4 16. Qxc4 h6 17. Ngf3 d5 18. exd5 Nxd5 19. Nb3 b5 20.
Qh4 Nxc3 21. Nc5 Qd8 22. Qg3 Nd4 23. Nxd4 Qxd4 24. Kh1 f6 25. Ne4 Nxe4 26. Rxe4 Qxa1+ 0-1



[ePGN "0.1;DGT LiveChess/2.2.6"]

[Event "MČR družstev mladších žáků 2024"]
[Site "Harrachov, Czech Republic"]
[Date "2024.06.16"]
[Round "8.27"]
[White "Sara David"]
[Black "Koutecky Vaclav"]
[Result "1-0"]
[TimeControl "25+10"]
[WhiteFideId "23746599"]
[BlackFideId "23752602"]
[WhiteElo "1379"]
[BlackElo "1194"]

1. e4 e5 2. Nf3 Nc6 3. Bc4 Nf6 4. d3 d5 5. exd5 Nxd5 6. h3 Bc5 7. O-O h6 8. Re1 Qd6 9. Bxd5 Qxd5 10. Nc3 Qd6 11. Nb5 Qe7 12. d4 Bd6 13.
dxe5 Nxe5 14. Nxe5 Bxe5 15. f4 Qc5+ 16. Kh1 f6 17. Nc3 O-O 18. fxe5 fxe5 19. Be3 Qe7 20. Ne4 Qh4 21. Bc5 Rf4 22.
Kg1 Rxe4 23. Qd5+ Kh8 24. Qxe4 Qg5 25. Qxe5 1-0



[ePGN "0.1;DGT LiveChess/2.2.6"]

[Event "MČR družstev mladších žáků 2024"]
[Site "Harrachov, Czech Republic"]
[Date "2024.06.16"]
[Round "8.28"]
[White "Koutecka Magdalena"]
[Black "Malek Daniel"]
[Result "0-1"]
[TimeControl "25+10"]
[WhiteFideId "23752599"]
[BlackFideId "23742720"]
[WhiteElo "1085"]
[BlackElo "1246"]

1. e4 e5 2. Nf3 Nc6 3. d4 exd4 4. Bc4 Bc5 5. c3 d6 6. cxd4 Bb6 7. Nc3 Nf6 8. O-O Bg4 9. Bg5 Nxd4 10.
Be2 Bxf3 11. Bxf3 h6 12. Bh4 g5 13. Bg3 h5 14. h3 Qd7 15. Be2 O-O-O 16. a4 a6 17. Rc1 Rdg8 18. Qd3 h4 19.
Bh2 g4 20. Kh1 gxh3 21. Qxh3 Qxh3 22. gxh3 Ba5 23. Bd3 Rg7 24. Ne2 Nxe2 25. Bxe2 Nxe4 26. Bf3 Nd2 27. Bg4+ Kb8 28. Rg1 Ne4 29.
Rg2 Bb6 30. Rf1 Rhg8 31. Bf4 f5 32. Bf3 Rxg2 33. Bxg2 Nxf2+ 34. Kh2 Nd3 35. Bd2 Bf2 36. Bc3 Bg3+ 37. Kh1 Nf4 38. Bd5 Nxd5 39.
Rxf5 Nxc3 40. bxc3 Be5 41. Rh5 Bxc3 42. Rxh4 Rh8 43. Rxh8+ Bxh8 44. h4 b5 45. axb5 a5 46. h5 Kb7 47.
Kg2 Kb6 48. Kg3 Kxb5 49. Kg4 a4 50. h6 a3 51. Kg5 a2 0-1



[ePGN "0.1;DGT LiveChess/2.2.6"]

[Event "MČR družstev mladších žáků 2024"]
[Site "Harrachov, Czech Republic"]
[Date "2024.06.16"]
[Round "8.29"]
[White "Junova Alexandra"]
[Black "Strazhnyk Yevhen"]
[Result "1-0"]
[TimeControl "25+10"]
[WhiteFideId "23754990"]
[BlackFideId "23771305"]
[WhiteElo "1105"]
[BlackElo "1150"]

1. e4 e5 2. Nf3 Nc6 3. Bb5 a6 4. Bxc6 dxc6 5. Nc3 Bd6 6. O-O Nf6 7. h3 O-O 8. Re1 Re8 9. d3 c5 10.
Bg5 c6 11. a3 b6 12. Qd2 Qe7 13. Na2 Qe6 14. c3 Nh5 15. d4 cxd4 16. cxd4 h6 17. Bh4 Qg6 18. dxe5 Bxh3 19. g3 Bxe5 20.
Nxe5 Rxe5 21. Qd4 Qg4 22. Re3 Rae8 23. f3 Qe6 24. Bd8 c5 25. Qd3 b5 26. Nc3 c4 27. Qd4 Qg6 28. f4 Nxf4 29.
Bc7 Ne6 30. Qxe5 Nxc7 31. Qxc7 Qg5 32. Rf3 Qd2 33. Qxf7+ Kh7 34. Rf2 Qd8 35. Rd1 Qb8 36. Kh2 Bg4 37. Rdd2 Be6 38. Qh5 Qc8 39.
Rf4 Rf8 40. Qe5 Rxf4 41. gxf4 Bf7 42. Rg2 g6 43. f5 g5 44. Qe7 Qe8 45. Qxe8 Bxe8 46. Kg3 Kg7 47. Nd5 Bc6 48. Re2 Kf7 49. Kg4 a5 50. Kh5 Kg7 51. f6+ 1-0



[ePGN "0.1;DGT LiveChess/2.2.6"]

[Event "MČR družstev mladších žáků 2024"]
[Site "Harrachov, Czech Republic"]
[Date "2024.06.16"]
[Round "8.3"]
[White "Najdkova Laura"]
[Black "Kolar Edvard"]
[Result "0-1"]
[TimeControl "25+10"]
[WhiteFideId "23751290"]
[BlackFideId "23746238"]
[WhiteElo "1337"]
[BlackElo "1553"]

1. e4 c5 2. Nf3 Nc6 3. d4 cxd4 4. Nxd4 g6 5. Nc3 Bg7 6. Be3 Nf6 7. Be2 d5 8. exd5 Nxd5 9. Nxd5 Qxd5 10.
Bf3 Qa5+ 11. c3 O-O 12. O-O Nxd4 13. Bxd4 Rd8 14. Qe2 e5 15. Be3 Qc7 16. Rad1 Be6 17. Qc2 f5 18. Bg5 Rxd1 19.
Rxd1 f4 20. Qd3 Rf8 21. Bd8 Qf7 22. Ba5 Bxa2 23. Qe4 b6 24. Bb4 Re8 25. Qd3 Bc4 26. Qd6 e4 27. Bg4 e3 28. fxe3 fxe3 29.
Re1 Qf2+ 30. Kh1 Qxe1# 0-1



[ePGN "0.1;DGT LiveChess/2.2.6"]

[Event "MČR družstev mladších žáků 2024"]
[Site "Harrachov, Czech Republic"]
[Date "2024.06.16"]
[Round "8.4"]
[White "Gernert Tomas"]
[Black "Hamernikova Iris"]
[Result "1-0"]
[TimeControl "25+10"]
[WhiteFideId "23750219"]
[BlackFideId "23745738"]
[WhiteElo "1409"]
[BlackElo "1216"]

1. d4 d5 2. Nf3 Nf6 3.
Bf4 e6 4. e3 Nbd7 5. Bd3 Be7 6. Nbd2 O-O 7. Ne5 b6 8. Qf3 h6 9. g4 g5 10. Bg3 Kg7 11. h4 Rh8 12. O-O-O c5 13.
c3 c4 14. Bxc4 dxc4 15. Qxa8 a5 16. hxg5 Nd5 17. gxh6+ Rxh6 18. Rxh6 Nxe5 19. Rdh1 Nd3+ 20. Kb1 Nf6 21. g5 Ng8 22.
Rh7+ Kf8 23. Qf3 Qe8 24. g6 Bf6 25. Rxf7+ Qxf7 26. gxf7 Kxf7 27. Ne4 Kg7 28. Nxf6 Nxf6 29. Be5 Nxe5 30.
dxe5 Nd5 31. Rg1+ 1-0



[ePGN "0.1;DGT LiveChess/2.2.6"]

[Event "MČR družstev mladších žáků 2024"]
[Site "Harrachov, Czech Republic"]
[Date "2024.06.16"]
[Round "8.5"]
[White "Prikryl Daniel"]
[Black "Kusova Nikola"]
[Result "0-1"]
[TimeControl "25+10"]
[WhiteFideId "23745770"]
[BlackFideId "23733705"]
[WhiteElo "1199"]
[BlackElo "1353"]

1. e4 e5 2. Nf3 Nf6 3. Nxe5 d6 4.
Nf3 Nxe4 5. Qe2 Qe7 6. Nc3 Nf6 7. Qxe7+ Bxe7 8. Bc4 O-O 9. O-O Be6 10. Bb3 Nc6 11. d4 d5 12. Bf4 Rac8 13.
Rfe1 Bb4 14. Re3 Bxc3 15. Rxc3 Ne4 16. Re3 Na5 17. h3 Nxb3 18. axb3 a6 19. c4 c5 20. Rd1 Nf6 21. Rc1 dxc4 22.
bxc4 cxd4 23. Nxd4 Bxc4 24. Rec3 Be6 25. Nxe6 Rxc3 26. Rxc3 fxe6 27. Rb3 b5 28. Ra3 Nd5 29. Bg3 Ra8 30.
Kf1 Kf7 31. Ke2 Ke7 32. Kd3 Rd8 33. Ke4 Nf6+ 34. Kf4 Nh5+ 35. Ke3 Nxg3 36. fxg3 Rd6 37. b4 e5 38. Rc3 Kf6 39. g4 g5 40.
Rb3 Ke6 41. Rb2 Rd4 42. Rb3 Kd5 43. Rb2 e4 44. Rb3 Kc4 45. Rb2 Kc3 46. Ra2 Rxb4 47. Rxa6 Ra4 48. Rc6+ Rc4 49. Ra6 b4 50.
Ra1 b3 51. Rc1+ Kb4 52. Rb1 Ka3 53. Ra1+ Kb2 54. Rd1 Rc2 55. Kxe4 Ka2 56. Kd3 Rxg2 57. Kc3 Rg3+ 58. Kd2 b2 59. Kc2 Rg2 60. Kc3 b1=Q 0-1



[ePGN "0.1;DGT LiveChess/2.2.6"]